 Dungeon Crawl Stone Soup version 0.27-a0-1123-g2f9bb313c0 (webtiles) character file.

Game seed: 10322598520111001873

307 Zeld the Skirmisher (level 6, -1/44 HPs)
             Began as an Octopode Fighter on May 4, 2021.
             Slain by a phantom (9 damage)
             ... on level 4 of the Dungeon.
             The game lasted 00:03:57 (4258 turns).

Zeld the Skirmisher (Octopode Fighter)              Turns: 4258, Time: 00:03:59

Health: -1/44      AC:  1    Str: 17    XL:     6   Next: 40%
Magic:  6/6        EV: 12    Int: 11    God:
Gold:   116        SH: 10    Dex: 17    Spells: 5/5 levels left

rFire    + . .     SeeInvis .   a - +0 war axe
rCold    . . .     Faith    .   b - +0 kite shield
rNeg     . . .     Spirit   .   (helmet restricted)
rPois    .         Reflect  .   (no amulet)
rElec    .         Harm     .   f - +6 ring of dexterity
rCorr    .         Rampage  .   q - ring of protection from fire
Will     .....                  (no ring)
Stlth    +++.......             (no ring)
HPRegen  0.14/turn              (no ring)
MPRegen  0.10/turn              (no ring)
                                (no ring)
                                (no ring)

@: no status effects
A: almost no armour, amphibious, 8 rings, camouflage 1, gelatinous body 1,
(nimble swimmer 1), tentacles
a: no special abilities


You were on level 4 of the Dungeon.
You visited 1 branch of the dungeon, and saw 4 of its levels.

You collected 116 gold pieces.

Inventory:

Hand Weapons
 a - a +0 war axe (weapon)
Missiles
 s - 16 poisoned darts (quivered)
Armour
 b - a +0 kite shield (worn)
Jewellery
 f - a +6 ring of dexterity (left tentacle)
 q - a ring of protection from fire (right tentacle)
Wands
 v - a wand of paralysis (7)
Scrolls
 e - 2 scrolls of enchant weapon {unknown}
 i - 3 scrolls of identify {unknown}
 j - a scroll of fog {unknown}
 l - a scroll of torment {unknown}
 m - 2 scrolls of enchant armour {unknown}
 n - 2 scrolls of immolation {unknown}
 p - a scroll of acquirement {unknown}
 t - a scroll of fear {unknown}
 u - a scroll of blinking {unknown}
Potions
 c - a potion of might
 d - a potion of flight {unknown}
 g - a potion of haste {unknown}
 h - a potion of curing {unknown}
 k - 2 potions of degeneration {unknown}
 o - a potion of mutation {unknown}
 r - a potion of brilliance {unknown}


   Skills:
 - Level 4.4 Fighting
 - Level 3.6 Axes
 * Level 2.5 Throwing
 - Level 3.0 Dodging
 - Level 4.3 Shields


You had 5 spell levels left.
You didn't know any spells.
Your spell library contained the following spells:

 Spells                   Type           Power      Damage    Failure   Level
 Animate Skeleton         Necr           0%         N/A       80%         1
 Pain                     Necr           0%         1d4       80%         1
 Summon Small Mammal      Summ           0%         N/A       80%         1
 Call Imp                 Summ           0%         N/A       91%         2
 Call Canine Familiar     Summ           0%         N/A       99%         3
 Summon Guardian Golem    Hex/Summ       0%         N/A       99%         3
 Vampiric Draining        Necr           0%         2d6       99%         3
 Animate Dead             Necr           0%         N/A       100%        4
 Summon Ice Beast         Ice/Summ       0%         N/A       100%        4
 Summon Lightning Spire   Summ/Air       0%         N/A       100%        4
 Agony                    Necr           0%         N/A       100%        5


Dungeon Overview and Level Annotations

Branches:
Dungeon (4/15)
 Temple: D:4-7

Altars:
Ashenzari
Gozag
Hepliaklqana
Kikubaaqudgha
Sif Muna
Uskayaw
Xom

Shops:
D:2 [   D:3 =


Innate Abilities, Weirdness & Mutations

You cannot wear most types of armour.
You are amphibious.
You can wear up to eight rings at the same time.
Your skin changes colour to match your surroundings (Stealth+).
Your rubbery body absorbs attacks. (AC +1, EV +1)
((You are camouflaged near water. (Stealth+)))
You have tentacles for arms and can constrict up to eight enemies at once.


Message History

Found a pair of gloves.
Found a shimmering blue altar of Sif Muna.
You open the door.
Found a broken altar of Ashenzari.
There is an open door here.
There is an open door here.
A phantom comes into view.
A phantom comes into view.
Found a spear.
You hit the phantom but do no damage. The phantom hits you!
The phantom blinks!
You blink.
You block the phantom's attack.
You barely miss the phantom. You squeeze the phantom.
The phantom is lightly damaged.
The phantom hits you.
You miss the phantom.
The phantom is lightly damaged.
The phantom barely misses you. The phantom closely misses you.
You hit the phantom. You squeeze the phantom.
The phantom is moderately damaged.
The phantom hits you!
The phantom blinks!
You blink.
You hit the phantom.
You squeeze the phantom, but do no damage.
The phantom is moderately damaged.
The phantom hits you! You block the phantom's attack.
You are too injured to fight recklessly!
You are too injured to fight recklessly!
You closely miss the phantom.
You squeeze the phantom, but do no damage.
The phantom is moderately damaged.
You block the phantom's attack. The phantom barely misses you.
You miss the phantom. Your squeeze misses the phantom.
The phantom is moderately damaged.
The phantom hits you.
You closely miss the phantom.
You squeeze the phantom, but do no damage.
The phantom is moderately damaged.
The phantom hits you!
* * * LOW HITPOINT WARNING * * *
The phantom hits you!
You die...

#....♣ ♣...###
#...♣.♣♣..... ...#.# #...♣
.♣...# #...#.# #..♣♣♣....##
##..... #..........##
#....#### #...........#
#...........#.###...#.#
#....W#######.###...#
####.....# #.@...####
.........# #W###.#
##..#....# #. ##.##
...##....#########...#####
#####....<..##...##.##...##
#.......#.8.8.#.#.8.8.#
#.......#.._..#.#.._..#
#.......#.8...#.#...8.#
#.......##...'#.#'...##


You could see a phantom.

Vanquished Creatures
  A necrophage (D:2)
  A gnoll shaman (D:4)
  10 adders
  3 gnolls
  2 worms (D:3)
  4 dart slugs
  5 ball pythons
  7 endoplasms
  5 giant cockroaches
  4 goblins
  2 hobgoblins (D:1)
  4 jackals (D:3)
  4 quokkas (D:1)
  3 bats (D:1)
  3 frilled lizards
  7 rats
65 creatures vanquished.

Notes
Turn   | Place    | Note
-------+----------+-------------------------------------------
     0 | D:1      | Zeld the Octopode Fighter began the quest for the Orb.
     0 | D:1      | Reached XP level 1. HP: 16/16 MP: 1/1
   226 | D:1      | Reached XP level 2. HP: 21/21 MP: 2/2
   572 | D:1      | Reached XP level 3. HP: 21/26 MP: 3/3
   967 | D:2      | Noticed a necrophage
   991 | D:2      | Killed a necrophage
   992 | D:2      | Reached XP level 4. HP: 27/33 MP: 4/4
   992 | D:2      | Reached XP level 5. HP: 30/37 MP: 5/5
  1498 | D:2      | Found a hide-covered altar of Uskayaw.
  2460 | D:2      | Found Meuskol's Antique Armour Shop.
  3271 | D:3      | Found Joifyog's Jewellery Shop.
  3378 | D:3      | Reached skill level 1 in Throwing
  3378 | D:3      | Reached XP level 6. HP: 44/44 MP: 6/6
  3462 | D:3      | Found a hazy altar of Hepliaklqana.
  3463 | D:3      | Found a shimmering altar of Xom.
  3464 | D:3      | Noticed a spectral ugly thing
  4188 | D:4      | Found an opulent altar of Gozag.
  4215 | D:4      | Found an ancient bone altar of Kikubaaqudgha.
  4218 | D:4      | Found a shimmering blue altar of Sif Muna.
  4221 | D:4      | Found a broken altar of Ashenzari.
  4258 | D:4      | Slain by a phantom

Illustrated notes

Levels and vault maps discovered:
D:1:      minmay_arrival_nine_rooms, layout_basic
D:2:      layout_loops_corners, serial_shops, nicolae_shop_waterfront,
          basic_altar, minmay_misc_feat_nine_boxes
D:3:      layout_basic, regret_index_temple_of_mockery, serial_shops, shop
D:4:      layout_rooms, grunt_temple_overflow_cloverleaf, chequers_garden,
          serial_park_tiny_pond

Skill      XL: |  1  2  3  4  5  6 |
---------------+-------------------+-----
Fighting       | 4 |  4.4
Axes           | 3 |  3.6
Shields        | 4 |  4.3
Throwing       | 1 2 |  2.5
Dodging        | |  3.0

Action                   |  1- 3 |  4- 6 || total
-------------------------+-------+-------++-------
Melee: War axe           |    41 |    86 ||   127
       Tentacles         |    10 |    19 ||    29
       Constrict         |     9 |    20 ||    29
 Stab: Sleeping          |    13 |    12 ||    25
Armor: Skin              |     1 |     5 ||     6
Dodge: Dodged            |    10 |    40 ||    50
Block: Kite shield       |    17 |    41 ||    58

Table legend: (Time is in decaauts)
 A = Elapsed time spent in this place.
 B = Non-inter-level travel time spent in this place.
 C = Inter-level travel time spent in this place.
 D = Time resting spent in this place.
 E = Time spent auto-exploring this place.
 F = Levels seen in this place.
 G = Mean time per level.
                   A        B        C        D        E       F      G
               +--------+--------+--------+--------+--------+-----+--------+
         Total |   4330 |   4192 |    138 |    791 |   2877 |   4 | 1082.5 |
       Dungeon |   4330 |   4192 |    138 |    791 |   2877 |   4 | 1082.5 |
               +--------+--------+--------+--------+--------+-----+--------+

Top non-repeatable levels by time:
     D:2: 2040 daAuts
     D:3: 1122 daAuts
     D:1: 982 daAuts
     D:4: 184 daAuts
